 Dungeon Crawl Stone Soup version 0.23-a0-644-gb60d84b (webtiles) character file.

196 MisterFreud the Slasher (level 5, -3/36 HPs)
             Began as an Octopode Fighter on Jan 1, 2019.
             Slain by an adder (5 damage)
             ... on level 3 of the Dungeon.
             The game lasted 00:03:21 (2842 turns).

MisterFreud the Slasher (Octopode Fighter)          Turns: 2842, Time: 00:03:21

Health: -3/36      AC:  1    Str: 16    XL:     5   Next: 74%
Magic:  5/5        EV: 11    Int: 11    God:
Gold:   131        SH:  8    Dex: 11    Spells: 4/4 levels left

rFire    . . .     SeeInvis +   a - +0 long sword
rCold    . . .     Gourm    .   b - +0 shield
rNeg     . . .     Faith    .   (helmet restricted)
rPois    .         Spirit   .   (no amulet)
rElec    .         Reflect  .   j - ring of see invisible
rCorr    .         Harm     .   (no ring)
MR       .....                  (no ring)
Stlth    ++........             (no ring)
HPRegen  0.12/turn              (no ring)
MPRegen  0.09/turn              (no ring)
                                (no ring)
                                (no ring)

@: no status effects
A: almost no armour, stealthy swim, amphibious, 8 rings, constrict 8, camouflage
1, gelatinous body 1
a: no special abilities


You were on level 3 of the Dungeon.
You were not hungry.

You visited 1 branch of the dungeon, and saw 3 of its levels.

You collected 131 gold pieces.

Inventory:

Hand Weapons
 a - a +0 long sword (weapon)
Missiles
 e - a throwing net (quivered)
 h - 222 stones
 i - 44 arrows
 l - 14 poisoned needles
Armour
 b - a +0 shield (worn)
Jewellery
 j - a ring of see invisible (left tentacle)
Scrolls
 f - 3 scrolls of teleportation {unknown}
 n - a scroll of fear {unknown}
 q - a scroll of amnesia {unknown}
Potions
 c - a potion of might
 g - a potion of resistance {unknown}
 m - a potion of heal wounds {unknown}
 o - 2 potions of curing {unknown}
 p - a potion of ambrosia {unknown}
 r - a potion of flight {unknown}
Comestibles
 d - 7 rations
 k - a chunk of flesh


   Skills:
 - Level 3.0 Fighting
 + Level 5.8 Long Blades
 - Level 3.0 Dodging
 - Level 3.0 Shields


You had 4 spell levels left.
You didn't know any spells.
Your spell library was empty.

Dungeon Overview and Level Annotations

Branches:
Dungeon (3/15)

Altars:
Xom

Annotations:
D:2 2 transporters


Innate Abilities, Weirdness & Mutations

You cannot wear most types of armour.
You are very stealthy in the water. (Stealth+)
You are amphibious.
You can wear up to eight rings at the same time.
You can use your tentacles to constrict eight enemies at once.
Your skin changes colour to match your surroundings (Stealth+).
Your rubbery body absorbs attacks. (AC +1, EV +1)


Message History

You hit the kobold.
You kill the kobold!
You hear a shout!
You barely miss the orc. Your grab misses the orc.
The orc completely misses you.
You riposte.
You barely miss the orc. You grab the orc.
Your shield prevents you from hitting the orc.
You constrict the orc, but do no damage.
The orc hits you. The orc closely misses you.
You release your grip on the orc.
The orc priest mumbles some strange prayers to Beogh against you.
Beogh smites you! The adder barely misses you. You block the adder's attack.
A worm comes into view.
The orc priest calls down the wrath of Beogh upon you.
Beogh smites you!
* * * LOW HITPOINT WARNING * * *
There is a stone staircase leading up here.
The adder bites you.
You die...

########## ###.........
######## ..........#
##...... . #........#
#....... ..## #........#
#....###..###........#
#.#.@...............#
######..S##...............
............#.###.........
.......o.####.###....###.#
....#o........##..#.## #.#
......)...†......#..# ..#
......###..#...#...###.###
....## #..#.#.#.#.....
...w #..#.#.......#####


You could see an orc priest, an adder and an orc.

Vanquished Creatures
  Jessica (D:2)
  8 adders
  An ooze (D:1)
  A worm (D:2)
  A dart slug (D:1)
  4 leopard geckos
  7 orcs (D:3)
  5 giant cockroaches
  7 goblins
  5 hobgoblins
  10 jackals
  8 kobolds
  A ball python (D:1)
  5 bats
  3 frilled lizards
  10 rats
77 creatures vanquished.

Notes
Turn   | Place    | Note
-------+----------+-------------------------------------------
     0 | D:1      | MisterFreud the Octopode Fighter began the quest for the
                  | Orb.
     0 | D:1      | Reached XP level 1. HP: 16/16 MP: 1/1
   113 | D:1      | Reached XP level 2. HP: 12/21 MP: 2/2
   298 | D:1      | Reached skill level 3 in Long Blades
   610 | D:1      | Reached XP level 3. HP: 26/26 MP: 3/3
  1426 | D:2      | Reached skill level 4 in Long Blades
  1473 | D:2      | Reached XP level 4. HP: 21/31 MP: 4/4
  1740 | D:2      | Found a transporter.
  1744 | D:2      | Found a shimmering altar of Xom.
  1744 | D:2      | Found a transporter.
  1746 | D:2      | You fall through a shaft!
  1985 | D:2      | Noticed Jessica
  1989 | D:2      | Killed Jessica
  2082 | D:2      | Noticed a big kobold
  2207 | D:2      | Reached skill level 5 in Long Blades
  2207 | D:2      | Reached XP level 5. HP: 33/36 MP: 5/5
  2842 | D:3      | Slain by an adder

Vault maps used:
D:1:      dpeg_arrival_round_a, kennysheep_decorative_pillar
D:2:      lemuel_upstairs_altar, gammafunk_temple_overflow_arena, first_ration,
          minivault_25, uniq_jessica
D:3:      gammafunk_temple_overflow_pools

Skill      XL: |  1  2  3  4 |
---------------+-------------+-----
Long Blades    | 3 4 5 |  5.8
Fighting       | |  3.0
Dodging        | |  3.0
Shields        | |  3.0

Action                   |  1- 3 |  4- 6 || total
-------------------------+-------+-------++-------
Melee: Long sword        |    75 |    66 ||   141
       Constrict         |    20 |    22 ||    42
       Tentacles         |    14 |    17 ||    31
 Stab: Sleeping          |     9 |     3 ||    12
  Eat: Chunk             |     2 |     4 ||     6
Armor: Skin              |     3 |     3 ||     6
Dodge: Dodged            |    26 |    36 ||    62
Block: Shield            |    28 |    22 ||    50
       Rpst.: Long sword |     7 |    13 ||    20

Table legend:
 A = Non-vault XP
 B = Vault XP
 C = Vault XP percentage of total XP
 D = Non-vault monster count
 E = Vault monster count
 F = Vault count percentage of total count
                 A         B        C        D         E       F
            +---------+---------+-------+---------+---------+-------
      Total |     243 |      37 |  13.2 |      76 |       1 |   1.3
            +---------+---------+-------+---------+---------+-------
        D:1 |      56 |       0 |   0.0 |      28 |       0 |   0.0
        D:2 |      63 |      37 |  37.0 |      23 |       1 |   4.2
        D:3 |     124 |       0 |   0.0 |      25 |       0 |   0.0
            +---------+---------+-------+---------+---------+-------
